 Dungeon Crawl Stone Soup version 0.27.1-35-g4d5d836560 (webtiles) character file.

Game seed: 9097527689758225813

186 Orenthal the Chopper (level 5, 0/43 HPs)
             Began as a Palentonga Fighter on Dec 25, 2022.
             Slain by a scorpion (1 damage)
             ... on level 4 of the Dungeon.
             The game lasted 00:04:08 (643 turns).

Orenthal the Chopper (Palentonga Fighter)            Turns: 643, Time: 00:04:09

Health: 0/43       AC:  8    Str: 20    XL:     5   Next: 38%
Magic:  5/5        EV:  5    Int:  9    God:
Gold:   84         SH:  9    Dex:  9    Spells: 4/4 levels left

rFire    . . .     SeeInvis +   a - +0 war axe
rCold    . . .     Faith    .   c - +0 kite shield
rNeg     . . .     Spirit   .   b - +0 scale mail
rPois    .         Reflect  .   h - +0 helmet
rElec    .         Harm     .   (no cloak)
rCorr    .         Rampage  .   (no gloves)
Will     .....                  (no barding)
Stlth    ..........             (no amulet)
HPRegen  0.14/turn              (no ring)
MPRegen  0.09/turn              (no ring)

@: no status effects
A: large, rugged brown scales 3, see invisible, deformed body, roll 1, armoured
tail
a: Rolling Charge


You were on level 4 of the Dungeon.
You visited 1 branch of the dungeon, and saw 4 of its levels.

You collected 84 gold pieces.

Inventory:

Hand Weapons
 a - a +0 war axe (weapon)
Armour
 b - a +0 scale mail (worn)
 c - a +0 kite shield (worn)
 h - a +0 helmet (worn)
Scrolls
 g - a scroll of enchant armour {unknown}
Potions
 d - 2 potions of might
 e - a potion of heal wounds {unknown}
 f - a potion of invisibility {unknown}


   Skills:
 + Level 3.5 Fighting
 + Level 3.6 Axes
 + Level 3.2 Armour
 + Level 0.1 Dodging
 + Level 3.3 Shields


You had 4 spell levels left.
You didn't know any spells.
Your spell library was empty.

Dungeon Overview and Level Annotations

Branches:
Dungeon (4/15)
 Temple: D:4-7

Altars:


Innate Abilities, Weirdness & Mutations

You are completely covered in rugged brown scales. (AC +3, +7% HP)
You have supernaturally acute eyesight. (SInv)
Armour fits poorly on your strangely shaped body.
You can roll at nearby foes to attack.
You have a long armoured tail.


Message History

The endoplasm barely misses you.
You slash the endoplasm!
You kill the endoplasm!
A scorpion comes into view.
The scorpion stings you.
* * * LOW HITPOINT WARNING * * *
The scorpion stings you but does no damage.
The scorpion stings you.
* * * LOW HITPOINT WARNING * * *
You hit the scorpion.
Your tail-slap misses the scorpion.
The scorpion is moderately wounded.
The scorpion stings you but does no damage.
You block the scorpion's attack.
You slash the scorpion!
The scorpion is severely wounded.
You block the scorpion's attack.
Your shield prevents you from hitting the scorpion.
The scorpion is severely wounded.
The scorpion stings you but does no damage.
The scorpion barely misses you.
You hit the scorpion.
The scorpion is almost dead.
The scorpion stings you but does no damage.
The scorpion stings you.
* * * LOW HITPOINT WARNING * * *
You closely miss the scorpion.
The scorpion is almost dead.
The scorpion stings you but does no damage. x2
You barely miss the scorpion.
The scorpion is almost dead.
The scorpion stings you.
* * * LOW HITPOINT WARNING * * *
The scorpion stings you but does no damage.
Your shield prevents you from hitting the scorpion.
The scorpion is almost dead.
The scorpion stings you but does no damage.
Your shield and scale mail prevent you from hitting the scorpion.
The scorpion is almost dead.
The scorpion stings you.
You die...

.....#.## . ......#
...##.#..##### .
.............# ..
.###.<.....# ...
.............##
.....#####.#.))...##
#....####..........#
......s@...##.)..#.#
#.###.#............#
# #..............#
#.#.###....###.#
#.....# ###### ##
#..#.....
#.(##...... ...
....... .... #...!..


You could see a scorpion.

Vanquished Creatures
  A necrophage (D:4)
  A scorpion (D:4)
  2 adders
  A worm (D:3)
  2 bats
  3 endoplasms
  4 goblins
  2 hobgoblins (D:1)
  4 jackals (D:3)
  A kobold (D:2)
  2 ball pythons (D:3)
  2 frilled lizards (D:3)
  2 rats (D:3)
27 creatures vanquished.

Notes
Turn   | Place    | Note
-------+----------+-------------------------------------------
     0 | D:1      | Orenthal the Palentonga Fighter began the quest for the
                  | Orb.
     0 | D:1      | Reached XP level 1. HP: 19/19 MP: 1/1
   157 | D:2      | Reached XP level 2. HP: 24/25 MP: 2/2
   452 | D:3      | Reached XP level 3. HP: 21/31 MP: 3/3
   543 | D:4      | Noticed a necrophage
   544 | D:4      | Noticed a scorpion
   563 | D:4      | Killed a necrophage
   564 | D:4      | Reached XP level 4. HP: 26/37 MP: 4/4
   570 | D:4      | Killed a scorpion
   571 | D:4      | Reached XP level 5. HP: 11/43 MP: 5/5
   639 | D:4      | HP: 2/43 [scorpion (3)]
   643 | D:4      | Slain by a scorpion

Illustrated notes

Levels and vault maps discovered:
D:1:      eino_arrival_druids_welcome, layout_rooms, minmay_misc_feat_roman,
          minmay_misc_feat_alley, lemuel_another_geyser
D:2:      layout_basic, grunt_decor_one_mirror, hangedman_glass_teeth,
          minmay_tripent
D:3:      layout_loops_ring, hellmonk_ecumenical_altar_crossroads,
          minmay_box_of_dots, uniq_natasha
D:4:      layout_rooms, cheibrodos_ashenzari_chains,
          minmay_temple_entry_enclosed_plants

Skill      XL: |  1  2  3 |
---------------+----------+-----
Axes           | 3 |  3.6
Armour         | 3 |  3.2
Shields        | 3 |  3.3
Fighting       | |  3.5
Dodging        | |  0.1

Action                   |  1- 3 |  4- 6 || total
-------------------------+-------+-------++-------
Melee: War axe           |    52 |    16 ||    68
       Tailslap          |     4 |       ||     4
Armor: Scale mail        |    34 |    11 ||    45
Dodge: Dodged            |    19 |     3 ||    22
Block: Kite shield       |    38 |     5 ||    43
